 Dungeon Crawl Stone Soup version 0.32-a0-427-g448f42529f (webtiles) character file.

Game seed: 7690314285068157304

225513 CrazyMind the Severer (level 18, -8/163 HPs)
             Began as a Mountain Dwarf Fighter on Feb 18, 2024.
             Was an Initiate of Gozag.
             Drowned by a drowned soul (9 damage)
             ... summoned by a merfolk avatar
             ... on level 4 of the Shoals on Feb 22, 2024.
             The game lasted 03:22:01 (45213 turns).

CrazyMind the Severer (Mountain Dwarf Fighter)     Turns: 45213, Time: 03:22:04

Health: -8/163     AC: 35    Str: 25    XL:     18   Next: 62%
Magic:  18/18      EV: 11    Int: 11    God:    Gozag
Gold:   3291       SH: 13    Dex:  7    Spells: 17/17 levels left

rFire   + + .        n - +5 broad axe (drain)
rCold   . . .        j - +1 kite shield {AC+3}
rNeg    . . .        o - +8 fire dragon scales of Aqetonkaoxt {+Inv rElec rF++ rC-}
rPois   +            N - +2 hat {Will+}
rElec   +            g - +0 cloak
rCorr   .            e - +0 pair of gloves
SInv    .            E - +1 pair of boots {rampage}
Will    ++...        a - amulet of the acrobat Stlth
                     P - ring of flight
HPRegen 0.47/turn    Z - ring of the Prince {rPois rC+ AC+4 Dex-2}
MPRegen 0.16/turn

%: acrobat, rampage
@: mighty, flying, hasted, studying Dodging, very quick
A: runic magic, artefact enchanting
}: 1/15 runes: serpentine
a: Renounce Religion, Evoke Invisibility, Potion Petition, Call Merchant, Bribe
Branch


You were on level 4 of the Shoals.
You worshipped Gozag.
Gozag was most pleased with you.
You visited 5 branches of the dungeon, and saw 29 of its levels.
You also visited: Ossuary and Volcano.

You collected 10739 gold pieces.
You spent 1869 gold pieces at shops.
You paid 5579 gold pieces to Gozag.

Inventory:

Hand Weapons
 n - a +5 broad axe of draining (weapon)
 s - a +1 hand axe of flaming
Missiles
 i - 5 atropa-tipped darts
 k - 5 curare-tipped darts
 x - 20 boomerangs (quivered)
 y - 6 darts of dispersal
 G - 37 poisoned darts
 Q - a throwing net
 R - a silver javelin
Armour
 c - a +2 kite shield of poison resistance
 e - a +0 pair of gloves (worn)
 g - a +0 cloak (worn)
 j - a +1 kite shield of protection (worn)
 o - the +8 fire dragon scales of Aqetonkaoxt (worn) {+Inv rElec rF++ rC-}
   (You found it in a volcano)

   rF++:      It greatly protects you from fire.
   rC-:       It makes you vulnerable to cold.
   rElec:     It insulates you from electricity.
   +Inv:      It lets you turn invisible.
 E - a +1 pair of boots of rampaging (worn)
 N - a +2 hat of willpower (worn)
 T - a +2 leather armour of cold resistance
Jewellery
 a - an amulet of the acrobat (around neck)
 I - a ring of protection from fire
 P - a ring of flight (left hand)
 W - a ring of ice
 Z - the ring of the Prince (right hand) {rPois rC+ AC+4 Dex-2}
   (You bought it in a shop on level 1 of the Lair of Beasts)

   [ring of protection]

   AC+4:      It affects your AC (+4).
   Dex-2:     It affects your dexterity (-2).
   rC+:       It protects you from cold.
   rPois:     It protects you from poison
Wands
 q - a wand of charming (18)
 v - a wand of roots (42)
 J - a wand of mindburst (26)
 K - a wand of polymorph (2)
 O - a wand of acid (17)
 Y - a wand of flame (47)
Scrolls
 b - 6 scrolls of immolation
 f - 2 scrolls of revelation
 h - 5 scrolls of blinking
 w - 3 scrolls of poison
 z - a scroll of fog
 A - 2 scrolls of enchant weapon
 B - 8 scrolls of teleportation
 H - a scroll of silence
 L - 5 scrolls of vulnerability
 U - a scroll of summoning
Potions
 l - 4 potions of mutation
 m - 5 potions of resistance
 p - 2 potions of cancellation
 r - 10 potions of haste
 t - 12 potions of curing
 u - 4 potions of enlightenment
 C - 6 potions of lignification
 D - 4 potions of attraction
 F - 3 potions of invisibility
 M - 2 potions of ambrosia
 S - 2 potions of might
 V - a potion of berserk rage


   Skills:
 - Level 15.1 Fighting
 - Level 20.4 Axes
 - Level 8.0 Throwing
 - Level 13.0 Armour
 + Level 7.5 Dodging
 - Level 3.7 Stealth
 + Level 16.1 Shields
 - Level 6.4 Evocations
 * Level 9.0 Shapeshifting


You had 17 spell levels left.
You didn't know any spells.
Your spell library contained the following spells:

 Spells                   Type           Power      Damage    Failure   Level
 Apportation              Tloc           0%         N/A       52%         1
 Freeze                   Ice            0%         1d3       52%         1
 Necrotise                Necr           0%         1d4       52%         1
 Shock                    Conj/Air       0%         1d3       52%         1
 Sting                    Conj/Alch      0%         1d3       52%         1
 Summon Small Mammal      Summ           0%         N/A       52%         1
 Jinxbite                 Hex            0%         N/A       65%         2
 Mercury Vapours          Alch/Air       0%         N/A       65%         2
 Sublimation of Blood     Necr           0%         N/A       65%         2
 Frozen Ramparts          Ice            0%         1d1       87%         3
 Fugue of the Fallen      Necr           0%         N/A       87%         3
 Gell's Gravitas          Tloc           0%         N/A       87%         3
 Hailstorm                Conj/Ice       0%         3d5       87%         3
 Inner Flame              Hex/Fire       0%         N/A       87%         3
 Ozocubu's Armour         Ice            0%         N/A       87%         3
 Stone Arrow              Conj/Erth      0%         3d7       87%         3
 Swiftness                Air            0%         N/A       87%         3
 Teleport Other           Tloc           0%         N/A       87%         3
 Tukima's Dance           Hex            0%         N/A       87%         3
 Airstrike                Air            0%         2d(0-16)  99%         4
 Animate Armour           Summ/Erth      0%         N/A       99%         4
 Dimensional Bullseye     Hex/Tloc       0%         N/A       99%         4
 Flame Wave               Conj/Fire      0%         2d4       99%         4
 Iskenderun's Mystic Bla  Conj/Tloc      0%         2d3       99%         4
 Leda's Liquefaction      Alch/Erth      0%         N/A       99%         4
 Manifold Assault         Tloc           0%         N/A       99%         4
 Petrify                  Alch/Erth      0%         N/A       99%         4
 Sticky Flame             Fire/Alch      0%         2d4       99%         4
 Vhi's Electric Charge    Tloc/Air       0%         N/A       99%         4
 Arcjolt                  Conj/Air       0%         1d10      100%        5
 Irradiate                Conj/Alch      0%         3d11      100%        5
 Iskenderun's Battlesphe  Conj           0%         2d6       100%        5
 Yara's Violent Unravell  Hex/Alch       0%         3d3       100%        5
 Bombard                  Conj/Erth      0%         9d1       100%        6
 Dispersal                Tloc           0%         N/A       100%        6
 Plasma Beam              Fire/Air       0%         2x1d10    100%        6
 Enfeeble                 Hex            0%         N/A       100%        7
 Spellforged Servitor     Conj/Summ      0%         N/A       100%        7
 Disjunction              Tloc           0%         N/A       100%        8
 Ignition                 Fire           0%         3d3       100%        8
 Lehudib's Crystal Spear  Conj/Erth      0%         10d2      100%        8


Dungeon Overview and Level Annotations

Branches:
Dungeon (15/15) Zot: 25834 Temple (1/1) D:4 Zot: 5961 Lair (5/5) D:11 Zot: 20340 Shoals (4/4) Lair:2 Zot: 19161 Snake (4/4) Lair:2 Zot: 14257 Slime (0/5) Lair:5 Orc (0/2) D:10 Vaults (0/5) D:12 D:13 Depths (0/4) D:15 Ossuary (visited) Volcano (visited)

Altars:
Ashenzari
Cheibriados
Dithmenos
Elyvilon
Fedhas
Gozag
Hepliaklqana
Kikubaaqudgha
Makhleb
Nemelex Xobeh
Okawaru
Qazlal
Ru
Sif Muna
Trog
Uskayaw
Vehumet
Wu Jian
Xom
Yredelemnul
Zin
The Shining One

Shops:
D:1 :(?!(   D:11 :   Lair:1 =   Snake:2 [   Snake:4 [

Portals:
Abyss: Snake:1

Annotations:
Shoals:3 exclusion: oklob plant
Snake:1 2 transporters, Zigma's ghost, adept OpMo
Snake:3 2 transporters, Caage's ghost, journeyman DsNe


Innate Abilities, Weirdness & Mutations

Your spellcasting is much less encumbered by armour.
You can use scrolls of enchantment on lesser artefacts.


Message History

The merfolk avatar chants a haunting song.
You easily resist.
The drowned soul touches you. The drowned soul drowns you!
The water nymph closely misses you.
You hit the water nymph. You drain the water nymph.
The water nymph is moderately wounded.
The merfolk avatar chants a haunting song.
You resist with almost no effort. You block the water nymph's attack.
You closely miss the water nymph.
The water nymph is moderately wounded.
You barely miss the water nymph.
The water nymph is moderately wounded.
You block the water nymph's attack.
The merfolk avatar chants a haunting song.
You resist with almost no effort.
You slash the water nymph!
The water nymph is heavily wounded.
You barely miss the drowned soul. The water nymph casts a spell at you.
The water rises up and strikes you. The drowned soul touches you.
The drowned soul drowns you!
You feel very mighty all of a sudden. The drowned soul touches you.
The drowned soul drowns you! The water nymph casts a spell at you.
The water rises up and strikes you!!
* * * LOW HITPOINT WARNING * * *
The merfolk avatar chants a haunting song.
You resist with almost no effort. [a] - 928 gold - invisibility, might, resistance and haste [b] - 210 gold - haste [c] - 660 gold - invisibility, might and haste Purchase which effect?
You feel yourself speed up. You block the drowned soul's attack.
The water nymph casts a spell at you. The water rises up and strikes you!!
* * * LOW HITPOINT WARNING * * *
The drowned soul touches you. The drowned soul drowns you!
* * * LOW HITPOINT WARNING * * *
The drowned soul touches you. The drowned soul drowns you!
You die...
Your body crumbles into a pile of gold.

.......~≈≈≈≈≈≈≈
........~≈≈≈≈≈≈≈
................~~~≈≈≈≈≈
..........?......~~≈≈≈≈≈
..................~~≈≈≈≈
.....(....?.~...~~~≈≈≈≈≈
............~~~~m≈≈≈≈≈≈≈
#.........~~~~@≈≈≈≈≈≈≈
#(.......~~~~≈≈≈≈≈≈≈≈
#........~~~~m≈≈≈≈≈≈
#.#.........~~~≈≈≈≈≈≈
.S.#...$......~~≈≈≈≈≈≈
#≈≈..#...........~~≈≈≈≈≈
#m#..#.........~~~~~≈≈≈≈
S≈m.~#.....).<....~~≈≈≈≈
m..~##............~~≈≈≈≈


You could see a merfolk avatar and a water nymph (drained).

Vanquished Creatures
  Rupert (D:12)
  Asterion (Snake:4)
  Polyphemus (Shoals:2)
  Gastronok (D:8)
  2 krakens
  Kirke (Lair:4)
  14 nagarajas
  A dire elephant (Lair:5)
  Snorg (D:10)
  2 merfolk javelineers
  2 merfolk impalers
  3 salamander tyrants
  A hydra (D:14)
  Fannar (Lair:1)
  A merfolk avatar (Shoals:2)
  6 centaur warriors
  3 catoblepae
  A satyr (Shoals:2)
  7 anacondas
  5 two-headed ogres
  2 boulder beetles
  3 merfolk aquamancers (Shoals:1)
  8 death yaks
  A tengu warrior (Shoals:2)
  A deep troll shaman (Lair:5)
  19 naga warriors
  17 naga sharpshooters
  9 shock serpents
  8 salamander mystics
  6 skysharks
  4 skeletal warriors
  A fire crab (Volcano)
  A spark wasp zombie (D:15)
  2 storm dragon skeletons (D:15)
  5 mana vipers
  8 sea snakes
  6 naga ritualists
  A flayed ghost (D:15)
  A deep elf archer (D:13)
  3 harpies (Shoals:3)
  An orc knight (D:11)
  5 cyclopes
  6 manticores
  11 ugly things
  A necromancer (D:15)
  7 fauns
  3 merfolk sirens
  25 salamanders
  21 elephants
  Joseph (Lair:1)
  9 water nymphs
  9 guardian serpents
  26 black mambas
  10 naga magi
  2 molten gargoyles (Lair:3)
  2 gargoyles
  An unseen horror (D:12)
  12 cane toads
  3 kobold demonologists
  3 rime drakes (Lair:5)
  5 komodo dragons
  3 tengu conjurers
  2 efreet
  3 polar bears
  13 merfolk
  6 wind drakes
  4 trolls
  Grinder (D:4)
  13 blink frogs
  6 dream sheep (Shoals:1)
  23 slime creatures
  7 snapping turtles
  4 shadows
  2 vampires
  Sigmund (D:1)
  12 humans (D:13)
  3 wyverns
  37 yaks
  A wraith (D:11)
  7 hogs (Lair:4)
  2 steam dragons
  3 water elementals
  Grum (D:8)
  7 basilisks
  Edmund (D:4)
  16 vampire mosquitoes
  44 nagas
  2 hell hounds (Volcano)
  12 water moccasins
  3 acid dragons
  4 orc warriors
  A swamp drake (D:10)
  A black bear (Lair:5)
  19 wolves
  8 laughing skulls
  7 centaurs
  An ogre (D:6)
  2 elf zombies (Ossuary)
  2 phantoms
  12 bullfrogs
  2 gnoll sergeants
  6 kobold brigands
  9 scorpions
  5 wights (D:9)
  10 killer bees
  15 electric eels
  4 howler monkeys
  2 centaur zombies (Ossuary)
  6 lava snakes (Lair:3)
  A hound (D:4)
  Crazy Yiuf (D:2)
  A bombardier beetle (D:7)
  10 orc priests
  A sleepcap (D:8)
  Ijyb (D:5)
  9 hell rats (Lair:2)
  5 iguanas
  8 orc wizards
  A statue (D:13)
  6 hound zombies (Ossuary)
  2 mummies (Ossuary)
  Robin (D:2)
  13 gnolls
  8 adders
  11 river rats (Lair:2)
  3 white imps
  2 ufetubi (D:6)
  3 adder zombies (Ossuary)
  4 dart slugs
  4 ribbon worms
  55 orcs
  4 ball pythons
  4 endoplasms
  2 giant cockroaches
  20 goblins
  5 hobgoblins
  2 jackals (D:4)
  22 kobolds
  8 quokkas
  12 bats
  A frilled lizard (D:3)
  2 gnoll zombies (Ossuary)
  9 jackal zombies (Ossuary)
  7 kobold zombies (Ossuary)
  6 orc zombies (Ossuary)
  18 rats
  A spectral weapon (Snake:4)
  6 tentacles
958 creatures vanquished.

Vanquished Creatures (collateral kills)
  A centaur warrior (D:14)
  A centaur (D:14)
2 creatures vanquished.

Vanquished Creatures (others)
  A naga warrior (Snake:2)
  A salamander mystic (Snake:1)
  4 humans (D:13)
  3 centaurs (D:14)
  12 tentacles
21 creatures vanquished.

Grand Total: 981 creatures vanquished

Notes
Turn   | Place    | Note
-------+----------+-------------------------------------------
     0 | D:1      | CrazyMind the Mountain Dwarf Fighter began the quest for
                  | the Orb.
     0 | D:1      | Reached XP level 1. HP: 19/19 MP: 1/1
    95 | D:1      | Found Dum Ytif's Distillery.
    99 | D:1      | Found Pusmiuf's Magic Scroll Emporium.
   443 | D:1      | Found Biunuf's Antique Weapon Shoppe.
   452 | D:1      | Reached XP level 2. HP: 22/26 MP: 2/2
   526 | D:1      | Found Nugam's Book Emporium.
   759 | D:1      | Found Feplur's Antique Weapon Boutique.
  1212 | D:2      | Reached skill level 3 in Axes
  1234 | D:2      | Found a runed translucent door.
  1235 | D:2      | Noticed Crazy Yiuf
  1291 | D:2      | Noticed Sigmund
  1313 | D:1      | Killed Sigmund
  1314 | D:1      | Reached skill level 4 in Axes
  1314 | D:1      | Reached XP level 3. HP: 11/33 MP: 3/3
  1314 | D:1      | Reached XP level 4. HP: 13/40 MP: 4/4
  1314 | D:1      | Reached XP level 5. HP: 15/46 MP: 5/5
  1609 | D:2      | Noticed Robin
  1617 | D:2      | Reached skill level 5 in Axes
  1623 | D:2      | Killed Robin
  1945 | D:2      | Found a shimmering altar of Xom.
  2299 | D:2      | Killed Crazy Yiuf
  2300 | D:2      | Reached skill level 1 in Dodging
  2300 | D:2      | Reached XP level 6. HP: 52/52 MP: 6/6
  2377 | D:3      | Found a faded altar of an unknown god.
  2583 | D:3      | Found a basalt altar of Yredelemnul.
  2591 | D:3      | Found a shimmering altar of Xom.
  2864 | D:3      | Reached skill level 6 in Axes
  3141 | D:4      | Identified a scroll of acquirement
  3141 | D:4      | Acquired a +5 broad axe of draining
  3154 | D:4      | Found a sand-covered staircase.
  3163 | Ossuary  | Entered an ossuary
  3297 | Ossuary  | Reached skill level 7 in Axes
  3298 | Ossuary  | Reached XP level 7. HP: 56/59 MP: 7/7
  3335 | Ossuary  | Reached skill level 8 in Axes
  3551 | D:4      | Reached skill level 9 in Axes
  3579 | D:4      | Noticed Grinder
  3582 | D:4      | Paralysed by Grinder for 5 turns
  3593 | D:4      | Killed Grinder
  3594 | D:4      | Reached XP level 8. HP: 62/67 MP: 8/8
  3672 | D:4      | Noticed Edmund
  3674 | D:4      | Found a broken altar of Ashenzari.
  3680 | D:4      | Killed Edmund
  3681 | D:4      | Reached skill level 10 in Axes
  3681 | D:4      | Reached skill level 5 in Armour
  3754 | D:4      | Found a staircase to the Ecumenical Temple.
  3840 | D:4      | Found a shadowy altar of Dithmenos.
  4219 | Temple   | Entered the Ecumenical Temple
  4238 | Temple   | Became a worshipper of Gozag Ym Sagoz the Greedy
  4542 | D:5      | Entered Level 5 of the Dungeon
  4587 | D:5      | Noticed Ijyb
  4593 | D:5      | Killed Ijyb
  4743 | D:5      | Found a white marble altar of Elyvilon.
  4759 | D:5      | Reached skill level 11 in Axes
  4987 | D:5      | Found a sparkling altar of Nemelex Xobeh.
  5195 | D:1      | Bought a potion of lignification for 33 gold pieces
  5195 | D:1      | Bought a potion of attraction for 33 gold pieces
  5195 | D:1      | Bought a potion of resistance for 110 gold pieces
  5195 | D:1      | Bought a potion of heal wounds for 55 gold pieces
  5197 | D:1      | Bought a scroll of fog for 56 gold pieces
  5197 | D:1      | Bought a scroll of identify for 28 gold pieces
  5197 | D:1      | Bought a scroll of noise for 14 gold pieces
  5451 | D:6      | Found a blossoming altar of Fedhas.
  5573 | D:6      | Reached skill level 5 in Fighting
  5586 | D:6      | Found a snail-covered altar of Cheibriados.
  5871 | D:7      | Reached skill level 12 in Axes
  5871 | D:7      | Reached XP level 9. HP: 74/74 MP: 9/9
  6066 | D:7      | Found an ornate altar of the Wu Jian Council.
  6180 | D:7      | Found a hide-covered altar of Uskayaw.
  6192 | D:7      | Identified the +1 robe of the Storm King {rF+}
  6684 | D:7      | Reached skill level 13 in Axes
  7473 | D:8      | Found a faded altar of an unknown god.
  7473 | D:8      | Found a hazy altar of Hepliaklqana.
  7475 | D:8      | Found a faded altar of an unknown god.
  7505 | D:8      | Reached skill level 14 in Axes
  7584 | D:8      | Noticed Gastronok
  7602 | D:8      | Killed Gastronok
  7603 | D:8      | Reached XP level 10. HP: 45/83 MP: 10/10
  7814 | D:8      | Reached skill level 15 in Axes
  7955 | D:8      | Noticed Grum
  7961 | D:8      | Killed Grum
  8422 | D:8      | Upgraded the game from 0.32-a0-355-ged53ad6fd3 to
                  | 0.32-a0-377-g951292165a
  8474 | D:9      | Reached skill level 16 in Axes
  8474 | D:9      | Reached skill level 5 in Shields
  8639 | D:9      | Reached skill level 1 in Throwing
  9434 | D:10     | Entered Level 10 of the Dungeon
  9566 | D:10     | Reached XP level 11. HP: 64/91 MP: 11/11
  9840 | D:10     | Found a stormy altar of Qazlal.
 10232 | D:10     | Found a bloodstained altar of Trog.
 10482 | D:10     | Noticed Snorg
 10494 | D:10     | Killed Snorg
 10495 | D:10     | Reached skill level 17 in Axes
 11114 | D:10     | Found a staircase to the Orcish Mines.
 11911 | D:11     | Found Ren Qoomm's Book Shop.
 11946 | D:11     | Noticed a two-headed ogre
 12103 | D:11     | Killed a two-headed ogre
 12104 | D:11     | Reached skill level 1 in Stealth
 12689 | D:11     | Noticed a centaur warrior
 12699 | D:11     | Killed a centaur warrior
 12700 | D:11     | Reached skill level 18 in Axes
 12893 | D:11     | Found a staircase to the Lair.
 12943 | Lair:1   | Entered Level 1 of the Lair of Beasts
 13076 | Lair:1   | Noticed Fannar
 13256 | Lair:1   | Killed Fannar
 13257 | Lair:1   | Reached XP level 12. HP: 99/103 MP: 12/12
 13506 | Lair:1   | Noticed Joseph
 13522 | Lair:1   | Killed Joseph
 14493 | Lair:1   | Identified the +1 ring mail of Varoj {Rampage}
 14708 | Lair:1   | Reached skill level 10 in Fighting
 15320 | Lair:2   | Upgraded the game from 0.32-a0-377-g951292165a to
                  | 0.32-a0-401-g0bcb2a7693
 15835 | D:1      | Bought a potion of heal wounds for 55 gold pieces
 15835 | D:1      | Bought a potion of resistance for 110 gold pieces
 15835 | D:1      | Bought a potion of curing for 33 gold pieces
 15835 | D:1      | Bought a potion of curing for 33 gold pieces
 15835 | D:1      | Bought a potion of might for 44 gold pieces
 15835 | D:1      | Bought a potion of haste for 110 gold pieces
 16225 | Lair:2   | Reached skill level 10 in Armour
 16517 | Lair:2   | Found a staircase to the Shoals.
 17084 | Lair:2   | Found a staircase to the Snake Pit.
 17357 | D:1      | Bought a glowing war axe for 188 gold pieces
 17412 | D:1      | Bought a scroll of identify for 28 gold pieces
 17412 | D:1      | Bought a scroll of teleportation for 42 gold pieces
 17726 | Lair:3   | Found a dark tunnel.
 17737 | Volcano  | Entered a volcano
 17904 | Volcano  | Noticed a two-headed ogre
 17904 | Volcano  | Noticed a two-headed ogre
 17904 | Volcano  | Noticed a two-headed ogre
 17910 | Volcano  | Killed a two-headed ogre
 17914 | Volcano  | Killed a two-headed ogre
 17915 | Volcano  | Reached XP level 13. HP: 107/115 MP: 13/13
 18288 | Volcano  | Identified the +8 fire dragon scales of Aqetonkaoxt {+Inv
                  | rElec rF++ rC-}
 18829 | Lair:3   | Reached skill level 5 in Throwing
 19459 | Lair:3   | Identified the +1 scale mail of Soidwiut {+Inv Dex+3
                  | Stlth+}
 19912 | Lair:4   | Noticed Kirke
 19977 | Lair:4   | Killed Kirke
 20959 | Lair:5   | Entered Level 5 of the Lair of Beasts
 20981 | Lair:5   | Found a staircase to the Slime Pits.
 21038 | Lair:5   | Reached skill level 1 in Evocations
 21328 | Lair:5   | Reached XP level 14. HP: 126/126 MP: 14/14
 22921 | D:12     | You are sucked into a shaft and drop 1 floor!
 23205 | D:12     | Found the +3 giant club "Skullcrusher" {speed, Str+7}
 23310 | D:12     | Reached skill level 19 in Axes
 24584 | D:13     | Identified the maw talisman of Lyczouc {rF+ Dex+4}
 24584 | D:13     | Noticed Rupert
 24584 | D:13     | Found a gate to the Vaults.
 25040 | D:12     | Killed Rupert
 25067 | D:13     | Reached skill level 5 in Evocations
 25646 | D:13     | Found a radiant altar of Vehumet.
 26917 | D:13     | Reached XP level 15. HP: 124/136 MP: 15/15
 27142 | D:14     | Reached skill level 5 in Dodging
 27413 | D:15     | Entered Level 15 of the Dungeon
 27413 | D:15     | Found a staircase to the Depths.
 27623 | D:15     | Identified the +1 robe of the Vestibule of Hell {Dex+2}
 27754 | D:15     | Found a bloodstained altar of Trog.
 28149 | D:15     | Found the +2 cloak of the Thief {*Fog Slay-2 SInv Stlth+}
 28614 | Lair:1   | Bought the ring of the Prince {rPois rC+ AC+4 Dex-2} for
                  | 650 gold pieces
 28701 | Snake:1  | Entered Level 1 of the Snake Pit
 29198 | Snake:1  | Upgraded the game from 0.32-a0-401-g0bcb2a7693 to
                  | 0.32-a0-418-g34023cf50c
 29215 | Snake:1  | Noticed a daeva
 29217 | Snake:1  | Noticed Zigma's ghost (adept OpMo)
 29232 | Snake:1  | Found a transporter.
 29347 | Snake:1  | Found a transporter.
 29347 | Snake:1  | Found a one-way gate to the infinite horrors of the Abyss.
 29607 | Snake:1  | Upgraded the game from 0.32-a0-418-g34023cf50c to
                  | 0.32-a0-427-g448f42529f
 30153 | Snake:1  | Reached skill level 20 in Axes
 30196 | Snake:1  | Got the Elucidation of the Icebound Catalyst
 30995 | Snake:2  | Noticed a nagaraja
 31018 | Snake:1  | Killed a nagaraja
 31366 | Snake:2  | Noticed a nagaraja
 31385 | Snake:1  | Killed a nagaraja
 32051 | Snake:2  | Reached skill level 1 in Shapeshifting
 32073 | Snake:2  | Reached skill level 15 in Fighting
 32225 | Snake:2  | Reached XP level 16. HP: 116/149 MP: 16/16
 32507 | Snake:2  | Reached XP level 17. HP: 156/156 MP: 17/17
 32511 | Snake:2  | Found Ulit's Armour Shoppe.
 32523 | Snake:2  | Bought a +1 pair of boots of rampaging for 247 gold pieces
 32697 | Snake:2  | Reached skill level 5 in Shapeshifting
 34795 | Snake:3  | Found a transporter.
 34801 | Snake:3  | Found a bloodstained altar of Trog.
 34809 | Snake:3  | Noticed Caage's ghost (journeyman DsNe)
 34849 | Snake:3  | Found a transporter.
 34885 | Snake:4  | Entered Level 4 of the Snake Pit
 34991 | Snake:4  | Found Vicela's Armour Shop.
 35629 | Snake:4  | Reached skill level 10 in Shields
 37255 | Snake:4  | Noticed Asterion
 37515 | Shoals:1 | Entered Level 1 of the Shoals
 37693 | Snake:4  | Killed Asterion
 38844 | Snake:4  | Got a serpentine rune of Zot
 39552 | Snake:4  | Reached XP level 18. HP: 98/163 MP: 18/18
 39856 | Snake:4  | Acquired a manual of Dodging
 41577 | Shoals:2 | Reached skill level 15 in Shields
 41738 | Shoals:2 | Noticed Polyphemus
 42153 | Shoals:2 | Killed Polyphemus
 44052 | Shoals:3 | Identified the +8 mace of Malaise {drain, rPois Will- MP+9
                  | Int+5}
 44065 | Shoals:3 | Found a bloodstained altar of Trog.
 44560 | Shoals:4 | Entered Level 4 of the Shoals
 45213 | Shoals:4 | HP: 1/163 [drowned by a drowned soul[a merfolk avatar]
                  | (11)]
 45213 | Shoals:4 | Drowned by a drowned soul

Illustrated notes

Levels and vault maps discovered:
D:1:      evilmike_arrival_hilbert_curve, layout_loops_corners, serial_shops,
          nicolae_shop_hallway_stairs, shop, nicolae_shop_advertising_works
          [nicolae_subvault_shop_adworks], shop, nicolae_diamond_shop
D:2:      layout_loops_ring, basic_altar, uniq_crazy_yiuf_cottage, uniq_sigmund,
          uniq_robin
D:3:      layout_rooms, chequers_temple_overflow_statue_of_worship,
          serial_aquarium, aquarium_bridge_square [aquarium_subvault_window,
          aquarium_subvault_bridge, aquarium_subvault_bridge,
          aquarium_subvault_wall], aquarium_window_double, aquarium_window_1,
          aquarium_window_1, aquarium_view_2a,
          shapermc_ecumenical_altar_pompeii, chequers_serial_rivers_small_b
D:4:      layout_gridville, amcnicky_altar_gilded,
          nicolae_overflow_crystal_walls, minmay_temple_entry_glassed_door,
          cheibrodos_sewer_entry_bend, nicolae_ossuary_entry_ruins, uniq_edmund,
          uniq_grinder
D:5:      layout_rooms, kennysheep_mini_moat, elyvilon_altar_3,
          nicolae_elevator_lobby_plus, uniq_ijyb
D:6:      layout_cave_pools, mainiacjoe_overflow_catwalk,
          mainiacjoe_overflow_alcove_1
D:7:      old_forge, layout_loops_ring, mainiacjoe_overflow_catwalk_spiral
D:8:      layout_loops_cross, nicolae_hepliaklqana_ecumenical_no_more,
          kennysheep_small_spiral, uniq_gastronok, uniq_grum
D:9:      layout_big_octagon
D:10:     kennysheep_blocky_hall, layout_basic, mainiacjoe_overflow_alcove_2,
          nicolae_qazlal_style_of_elements, erik_orc_1, serial_corexii_hall,
          chequers_hall_statues_y, corexii_hall_statues_l,
          corexii_hall_statues_l, corexii_hall_statues_t, minmay_misc_feat_x,
          uniq_snorg
D:11:     layout_rooms, david_lair_shrubbed, serial_shops,
          nicolae_take_the_stairs
D:12:     layout_loops_ring, minmay_guarded_unrand_skullcrusher
D:13:     layout_loops_ring, david_vaults_3, minmay_holes, serial_park_tiny_1,
          vehumet_statue
D:14:     layout_gridville, nicolae_BIG_FREAKIN_CUBE, grunt_ministairs_15
D:15:     gammafunk_depths_entry_grave, layout_loops_ring,
          trog_three_pillars_becter, grunt_decor_arrowhead, due_unseen_surprise
Temple:   nicolae_temple_bog_church
Lair:1:   layout_gridlike, grunt_megastairs_5, serial_bayou_shore_b,
          uniq_joseph, uniq_fannar
Lair:2:   lemuel_ratsnest, layout_long_grid, elwin_shoals_entry_rooms,
          nicolae_snake_entry_squirm, dpeg_stationary_puzzle
Lair:3:   cheibrodos_magma_flow, layout_gridlike, enter_volcano_1
Lair:4:   layout_cave_pods, uniq_kirke
Lair:5:   grunt_lair_end_beastmaster, layout_hall_layers, slime_entry_1,
          grunt_megastairs_4
Shoals:1: layout_shoals, nicolae_splish_splash
Shoals:2: layout_shoals, kb_tengu_band, uniq_polyphemus
Shoals:3: layout_shoals, lemuel_oklob_altar
Shoals:4: shoals_end_hangedman, layout_shoals, serial_shops, shop, uniq_donald
Snake:1:  cheibrodos_snake_lava_hold, layout_misc_corridors,
          gammafunk_ghost_abyssal_escape
Snake:2:  layout_onion, serial_shops, nicolae_shop_trees,
          nicolae_zig_zag_zippers, serial_bayou_shore_b
Snake:3:  layout_gridlike, gammafunk_ghost_wrathful_warriors
Snake:4:  grunt_snake_rune_spirals, layout_onion, minmay_shop_grid_forest,
          uniq_asterion

Skill      XL: |  1  2  3  4  5  6  7  8  9 10 11 12 13 14 15 16 17 18 |
---------------+-------------------------------------------------------+-----
Axes           | 4 5 7 9 12 14 16 18 19 20 | 20.4
Armour         | 4 5 6 8 10 11 12 13 | 13.0
Shields        | 4 5 6 7 8 13 16 | 16.1
Dodging        | 1 2 3 4 5 7 |  7.5
Fighting       | 4 5 6 7 8 10 12 13 15 | 15.1
Throwing       | 1 2 4 6 7 8 |  8.0
Stealth        | 1 2 3 |  3.7
Evocations     | 1 5 6 |  6.4
Shapeshifting  | 1 4 8 9 |  9.0

Action                     |  1- 3 |  4- 6 |  7- 9 | 10-12 | 13-15 | 16-18 || total
---------------------------+-------+-------+-------+-------+-------+-------++-------
  Melee: War axe           |    47 |   168 |       |       |       |       ||   215
         Broad axe         |       |    49 |   372 |   647 |  1202 |  1095 ||  3365
         Flail             |       |       |       |       |    10 |       ||    10
  Throw: Dart              |       |       |     5 |     8 |     9 |     4 ||    26
         Boomerang         |       |       |     1 |    94 |   182 |    45 ||   322
 Invoke: Potion Petition   |       |       |       |       |     2 |     6 ||     8
         Call Merchant     |       |       |       |       |     1 |       ||     1
  Evoke: Wand              |       |       |       |     2 |    12 |       ||    14
    Use: Potion            |     1 |       |       |     9 |     4 |     6 ||    20
         Scroll            |       |     5 |     5 |    10 |    10 |     3 ||    33
   Stab: Distracted        |       |       |     1 |     2 |     3 |     4 ||    10
         Invisible         |       |       |       |       |    22 |     2 ||    24
 Armour: Scale mail        |    23 |   165 |   219 |   375 |       |       ||   782
         Leather armour    |       |       |       |     2 |       |       ||     2
         Chain mail        |       |       |       |     5 |    27 |       ||    32
         Fire dragon scale |       |       |       |       |   732 |   685 ||  1417
  Dodge: Dodged            |    27 |    75 |   148 |   190 |   533 |   327 ||  1300
  Block: Buckler           |    13 |    44 |    53 |    98 |   225 |    37 ||   470
         Kite shield       |       |       |       |       |       |   376 ||   376

Table legend: (Time is in decaauts)
 A = Elapsed time spent in this place.
 B = Non-inter-level travel time spent in this place.
 C = Inter-level travel time spent in this place.
 D = Time resting spent in this place.
 E = Time spent auto-exploring this place.
 F = Levels seen in this place.
 G = Mean time per level.
                   A        B        C        D        E       F      G
               +--------+--------+--------+--------+--------+-----+--------+
         Total |  44613 |  38989 |   5624 |  12164 |  17344 |  31 | 1439.1 |
       Dungeon |  19441 |  16780 |   2661 |   4187 |   8774 |  15 | 1296.1 |
        Temple |     38 |      1 |     37 |      0 |      0 |   1 |   38.0 |
          Lair |   9660 |   7639 |   2021 |   2152 |   3537 |   5 | 1932.0 |
        Shoals |   4837 |   4640 |    197 |   1984 |   1594 |   4 | 1209.2 |
     Snake Pit |   9742 |   9036 |    706 |   3589 |   3096 |   4 | 2435.5 |
       Ossuary |    319 |    319 |      0 |     18 |    133 |   1 |  319.0 |
       Volcano |    573 |    573 |      0 |    232 |    209 |   1 |  573.0 |
               +--------+--------+--------+--------+--------+-----+--------+

Top non-repeatable levels by time:
 Snake:4: 3882 daAuts
  Lair:1: 2841 daAuts
  Lair:2: 2484 daAuts
    D:10: 2417 daAuts
    D:11: 2391 daAuts
 Snake:1: 2199 daAuts
 Snake:2: 1863 daAuts
 Snake:3: 1797 daAuts
Shoals:2: 1702 daAuts
Shoals:1: 1650 daAuts
  Lair:5: 1610 daAuts
     D:8: 1583 daAuts
     D:1: 1545 daAuts
    D:12: 1461 daAuts
  Lair:3: 1420 daAuts
